 Dungeon Crawl Stone Soup version 0.31-a0-229-g1fc7ce9 (webtiles) character file.

Game seed: 17106202153042011518

700 Dawnplanks the Gusty (level 7, -5/48 (51) HPs)
             Began as a Demigod Air Elementalist on July 6, 2023.
             Slain by Crazy Yiuf
             ... wielding a +2 quarterstaff of chaos
              (12 damage)
             ... on level 4 of the Dungeon.
             The game lasted 00:07:00 (3881 turns).

Dawnplanks the Gusty (Demigod Air Elementalist)     Turns: 3881, Time: 00:07:00

HP:   -5/48 (51)    AC:  8    Str: 15    XL:     7   Next: 15%
MP:   16/16         EV: 10    Int: 31    God:
Gold: 93            SH:  0    Dex: 14    Spells: 4/14 levels left

rFire   . . .        v - +2 halberd (protect)
rCold   + . .        (shield currently unavailable)
rNeg    . . .        z - +2 scale mail {rC+}
rPois   .            (no helmet)
rElec   .            o - scarf {repulsion}
rCorr   .            (no gloves)
SInv    .            (no boots)
Will    .....        (no amulet) Stlth
                     A - +6 ring of strength
HPRegen 0.28/turn    j - +6 ring of intelligence
MPRegen 0.15/turn

%: repel missiles
@: confused, hasted, drained, very quick
A: high MP 1, forlorn, divine attributes
a: no special abilities


You were on level 4 of the Dungeon.
You visited 1 branch of the dungeon, and saw 4 of its levels.

You collected 132 gold pieces.
You spent 39 gold pieces at shops.

Inventory:

Hand Weapons
 i - a +2 dagger of draining
 v - a +2 halberd of protection (weapon)
Armour
 a - a +0 robe
 o - a scarf of repulsion (worn)
 z - a +2 scale mail of cold resistance (worn)
Jewellery
 d - a ring of wizardry
 e - a ring of willpower
 j - a +6 ring of intelligence (right hand)
 A - a +6 ring of strength (left hand)
Wands
 k - a wand of iceblast (3)
 w - a wand of flame (15)
Scrolls
 c - a scroll of fear {unknown}
 f - a scroll of revelation {unknown}
 g - a scroll of enchant weapon {unknown}
 l - a scroll of vulnerability {unknown}
 q - a scroll of fog {unknown}
 t - a scroll of brand weapon {unknown}
 u - a scroll of noise {unknown}
 x - a scroll of immolation {unknown}
 y - 2 scrolls of identify {unknown}
Potions
 b - 2 potions of magic
 h - 3 potions of curing
 m - a potion of invisibility {unknown}
 n - a potion of mutation {unknown}
 p - 2 potions of might {unknown}
 r - a potion of haste {unknown}
 s - a potion of degeneration {unknown}


   Skills:
 + Level 0.7 Fighting
 + Level 1.3 Polearms
 + Level 0.3 Armour
 + Level 2.3 Dodging
 - Level 1.9 Stealth
 + Level 4.1 Spellcasting
 + Level 3.3 Conjurations
 + Level 5.0 Air Magic


You had 4 spell levels left.
You knew the following spells:

 Your Spells              Type           Power      Damage    Failure   Level
a - Shock                 Conj/Air       100%       1d9       4%          1
b - Static Discharge      Conj/Air       64%        2-5/arc   6%          2
c - Swiftness             Air            37%        N/A       9%          3
d - Airstrike             Air            18%        2d(3-19)  30%         4

Your spell library contained the following spells:

 Spells                   Type           Power      Damage    Failure   Level
 Summon Small Mammal      Summ           24%        N/A       24%         1
 Ensorcelled Hibernation  Hex/Ice        12%        N/A       36%         2
 Passwall                 Tmut/Erth      5%         N/A       36%         2
 Call Canine Familiar     Summ           6%         N/A       58%         3
 Ozocubu's Armour         Ice            6%         N/A       58%         3
 Spider Form              Tmut/Pois      6%         N/A       58%         3
 Summon Guardian Golem    Hex/Summ       6%         N/A       58%         3
 Anguish                  Hex/Necr       3%         N/A       94%         4
 Ozocubu's Refrigeration  Ice            3%         4d8       100%        7


Dungeon Overview and Level Annotations

Branches:
Dungeon (4/15)
 Temple: D:4-7

Shops:
D:2 !   D:3 =

Annotations:
D:4 Crazy Yiuf


Innate Abilities, Weirdness & Mutations

You have an increased reservoir of magic. (+10% MP)
You shall have no god before yourself.
Your divine heritage dramatically boosts your attributes as you level up.


Message History

You closely miss the phantom.
The phantom is almost destroyed.
The phantom hits you but does no damage.
You hit the phantom.
You destroy the phantom!
Found a stone staircase leading up.
You now have 93 gold pieces (gained 8).
Found a hammer.
Found a runed translucent door.
Crazy Yiuf shouts!
You open the door. You puncture Crazy Yiuf!
Your weapon exudes an aura of protection.
Crazy Yiuf is heavily wounded.
Crazy Yiuf laughs, "Liver shoe Orb Guardian!"
Crazy Yiuf closely misses you. Crazy Yiuf barely misses you.
You closely miss Crazy Yiuf.
Crazy Yiuf is heavily wounded.
Crazy Yiuf closely misses you.
You completely miss Crazy Yiuf.
Crazy Yiuf is heavily wounded.
Crazy Yiuf hits you with a +2 quarterstaff of chaos!
You feel drained.
Crazy Yiuf hits you with a +2 quarterstaff of chaos!
You are confused.
You are too injured to fight recklessly!
You are too injured to fight recklessly!
You bump into the rock wall.
Crazy Yiuf hits you with a +2 quarterstaff of chaos!
* * * LOW HITPOINT WARNING * * *
Crazy Yiuf burns you.
* * * LOW HITPOINT WARNING * * *
You bump into the rock wall.
Crazy Yiuf hits you with a +2 quarterstaff of chaos.
* * * LOW HITPOINT WARNING * * *
You feel yourself speed up.
You bump into the rock wall.
You bump into the stone wall.
Crazy Yiuf says, "Paint agre mumblescurry!"
Crazy Yiuf hits you with a +2 quarterstaff of chaos!
You die...

..####.........####.....#########
.....'.........'.................
.†####.........#.......##########
..# ##.################ #... ..#
### #... ### ####### ##..
###...#.### ### ##.
##......#..##...# ##
#......####@g...# # #..#.###
###..)# # #####..### ### ###
##......# ###.. ....<..## ###....
##......# #>....# ########
#######


You could see Crazy Yiuf.

Vanquished Creatures
  Sigmund (D:2)
  An ogre (D:4)
  A phantom (D:4)
  A hound (D:4)
  3 iron imps (D:3)
  Terence (D:3)
  An orc wizard (D:4)
  Robin (D:3)
  6 gnolls
  6 adders
  An ufetubus (D:3)
  2 worms
  2 dart slugs
  6 orcs
  6 bats
  4 endoplasms
  2 giant cockroaches
  19 goblins
  7 hobgoblins
  4 kobolds
  4 quokkas
  5 ball pythons
  2 frilled lizards (D:2)
  3 rats
89 creatures vanquished.

Notes
Turn   | Place    | Note
-------+----------+-------------------------------------------
     0 | D:1      | Dawnplanks the Demigod Air Elementalist began the quest for
                  | the Orb.
     0 | D:1      | Reached XP level 1. HP: 14/14 MP: 5/5
   208 | D:1      | Reached skill level 3 in Air Magic
   330 | D:1      | Reached skill level 1 in Conjurations
   331 | D:1      | Reached XP level 2. HP: 20/20 MP: 1/7
  1368 | D:2      | Found Ceblecw's Distillery.
  1375 | D:2      | Reached XP level 3. HP: 26/26 MP: 1/8
  1560 | D:2      | Bought a potion of curing for 39 gold pieces
  1797 | D:2      | Reached XP level 4. HP: 33/33 MP: 5/10
  1974 | D:2      | Noticed Sigmund
  1982 | D:2      | Killed Sigmund
  1983 | D:2      | Reached skill level 4 in Air Magic
  1983 | D:2      | Reached XP level 5. HP: 27/38 MP: 3/12
  2059 | D:2      | Learned a level 2 spell: Static Discharge
  2063 | D:2      | Learned a level 3 spell: Swiftness
  2068 | D:2      | Learned a level 4 spell: Airstrike
  2566 | D:3      | Noticed Robin
  2571 | D:3      | Killed Robin
  2862 | D:3      | Found Hale's Jewellery Emporium.
  2925 | D:3      | Reached XP level 6. HP: 45/45 MP: 9/14
  3004 | D:3      | Noticed Terence
  3015 | D:3      | Killed Terence
  3665 | D:4      | Noticed a +0 hand axe
  3665 | D:4      | Noticed a +0 dagger
  3685 | D:4      | Reached skill level 1 in Polearms
  3685 | D:4      | Reached skill level 5 in Air Magic
  3685 | D:4      | Reached XP level 7. HP: 51/51 MP: 14/16
  3870 | D:4      | Found a runed translucent door.
  3871 | D:4      | Noticed Crazy Yiuf
  3881 | D:4      | Slain by Crazy Yiuf

Illustrated notes

Levels and vault maps discovered:
D:1:      tarquinn_simple_flora_water_d, layout_loops_corners
D:2:      layout_loops_ring, serial_shops, shop, minmay_cupped, uniq_sigmund
D:3:      layout_rooms, mainiacjoe_overflow_alcove_1, demons_altar,
          serial_shops, nicolae_shop_real_fake_doors, uniq_terence, uniq_robin
D:4:      layout_loops_corners, zin_scriptorium, dancing_weapons_uskayaw,
          mainiacjoe_overflow_surrounded_room, mainiacjoe_overflow_alcove_2,
          serial_glass, glass_columns_a, glass_columns_a, glass_columns_b,
          minmay_crossroads, uniq_ijyb, uniq_crazy_yiuf_cottage

Skill      XL: |  1  2  3  4  5  6 |
---------------+-------------------+-----
Air Magic      | 3 4 5 |  5.0
Conjurations   | 1 2 3 |  3.3
Spellcasting   | 2 3 4 |  4.1
Dodging        | 2 |  2.3
Polearms       | 1 |  1.3
Fighting       | |  0.7
Armour         | |  0.3
Stealth        | |  1.9

Action                     |  1- 3 |  4- 6 |  7- 9 || total
---------------------------+-------+-------+-------++-------
  Melee: Dagger            |     2 |     6 |       ||     8
         Halberd           |       |    42 |    19 ||    61
   Cast: Shock             |    82 |    69 |     4 ||   155
         Airstrike         |       |     9 |       ||     9
   Stab: Sleeping          |       |     1 |       ||     1
 Armour: Robe              |     1 |     6 |       ||     7
         Scale mail        |       |    18 |    13 ||    31
  Dodge: Dodged            |     6 |    26 |     8 ||    40
         Repelled          |       |     2 |       ||     2

Table legend: (Time is in decaauts)
 A = Elapsed time spent in this place.
 B = Non-inter-level travel time spent in this place.
 C = Inter-level travel time spent in this place.
 D = Time resting spent in this place.
 E = Time spent auto-exploring this place.
 F = Levels seen in this place.
 G = Mean time per level.
                   A        B        C        D        E       F      G
               +--------+--------+--------+--------+--------+-----+--------+
         Total |   3907 |   3783 |    124 |      0 |   3316 |   4 |  976.8 |
       Dungeon |   3907 |   3783 |    124 |      0 |   3316 |   4 |  976.8 |
               +--------+--------+--------+--------+--------+-----+--------+

Top non-repeatable levels by time:
     D:2: 1231 daAuts
     D:1: 1221 daAuts
     D:3: 858 daAuts
     D:4: 596 daAuts
